 Dungeon Crawl Stone Soup version 0.23-a0-417-gf02c810438 (webtiles) character file.

240 Notair the Poker (level 5, -1/46 HPs)
             Began as a Minotaur Gladiator on Nov 10, 2018.
             Slain by Edmund
             ... wielding a +2 flail of crushing
              (3 damage)
             ... on level 3 of the Dungeon.
             The game lasted 00:05:03 (1920 turns).

Notair the Poker (Minotaur Gladiator)               Turns: 1920, Time: 00:05:04

Health: -1/46      AC:  3    Str: 19    XL:     5   Next: 80%
Magic:  4/4        EV: 12    Int:  6    God:
Gold:   89         SH:  0    Dex: 11    Spells: 4/4 levels left

rFire    . . .     SeeInvis .   k - +1 dagger (elec)
rCold    . . .     Gourm    .   (no shield)
rNeg     . . .     Faith    .   b - +0 leather armour
rPois    .         Spirit   .   c - +0 hat
rElec    .         Reflect  .   (no cloak)
rCorr    .         Harm     .   (no gloves)
MR       .....                  (no boots)
Stlth    +.........             (no amulet)
HPRegen  0.15/turn              (no ring)
MPRegen  0.09/turn              (no ring)

@: no status effects
A: retaliatory headbutt, horns 2
a: no special abilities


You were on level 3 of the Dungeon.
You were not hungry.

You visited 1 branch of the dungeon, and saw 4 of its levels.

You collected 89 gold pieces.

Inventory:

Hand Weapons
 a - a +0 trident
 k - a +1 dagger of electrocution (weapon)
 t - a +0 hunting sling
Missiles
 d - 2 throwing nets
 j - 19 sling bullets
 n - 105 stones (quivered)
 r - 3 tomahawks
Armour
 b - a +0 leather armour (worn)
 c - a +0 hat (worn)
 u - a +0 ring mail
Scrolls
 e - a scroll of fear {unknown}
 g - 3 scrolls of identify {unknown}
 h - a scroll of blinking {unknown}
 m - a scroll of enchant armour {unknown}
 o - a scroll of noise {unknown}
Potions
 i - a potion of mutation {unknown}
 l - a potion of flight {unknown}
 p - a potion of degeneration {unknown}
 q - a potion of curing {unknown}
 s - a potion of heal wounds {unknown}
Comestibles
 f - 3 rations


   Skills:
 + Level 4.2 Fighting
 * Level 6.1 Polearms
 - Level 2.0 Throwing
 + Level 3.2 Armour
 - Level 3.2 Dodging


You had 4 spell levels left.
You didn't know any spells.
Your spell library was empty.

Dungeon Overview and Level Annotations

Branches:
Dungeon (4/15)
 Temple: D:4-7

Altars:
Vehumet

Annotations:
D:3 Edmund
D:4 2 transporters, oberejnoburuli's ghost, novice OpMo


Innate Abilities, Weirdness & Mutations

You reflexively headbutt those who attack you in melee.
You have a pair of horns on your head.


Message History

Found a stone staircase leading down.
There is a stone staircase leading down here.
You closely miss Edmund.
Edmund is heavily wounded.
Edmund hits you with a +2 flail of crushing!
You hit Edmund. You headbutt Edmund.
Edmund is severely wounded.
Edmund hits you with a +2 flail of crushing.
* * * LOW HITPOINT WARNING * * *
x2
Okay, then.
The rat misses you. You furiously retaliate!
You headbutt the rat.
You kill the rat!
You hit Edmund but do no damage. You headbutt Edmund!
Edmund is severely wounded.
Edmund misses you.
You hit Edmund. You headbutt Edmund.
Edmund is almost dead.
Edmund hits you with a +2 flail of crushing!
* * * LOW HITPOINT WARNING * * *
You die...

######
#....#
#....# #
#....# ..
#....#...
###........
#.@†.......
##@>...#..
##........
#.#...##.
#......#
#......>#
#.......#
#.......#
#.......#


You could see Edmund.

Vanquished Creatures
  A phantom (D:4)
  An iguana (D:4)
  A worker ant (D:4)
  A gnoll (D:1)
  3 adders
  An ooze (D:1)
  3 dart slugs
  3 leopard geckos (D:1)
  12 orcs (D:4)
  2 giant cockroaches
  3 goblins
  3 hobgoblins (D:1)
  2 jackals (D:1)
  2 quokkas (D:2)
  2 bats (D:1)
  2 frilled lizards
  3 kobolds
  5 rats
50 creatures vanquished.

Notes
Turn   | Place    | Note
-------+----------+-------------------------------------------
     0 | D:1      | Notair the Minotaur Gladiator began the quest for the Orb.
     0 | D:1      | Reached XP level 1. HP: 18/18 MP: 0/0
    84 | D:1      | Reached skill level 4 in Polearms
   107 | D:1      | Reached XP level 2. HP: 25/25 MP: 1/1
   177 | D:1      | Reached skill level 1 in Armour
   471 | D:1      | Reached XP level 3. HP: 31/31 MP: 2/2
  1150 | D:2      | You fall through a shaft for 2 floors!
  1160 | D:4      | Reached skill level 5 in Polearms
  1160 | D:4      | Reached XP level 4. HP: 30/38 MP: 3/3
  1604 | D:4      | Found a radiant altar of Vehumet.
  1616 | D:4      | Noticed oberejnoburuli's ghost (novice OpMo)
  1620 | D:4      | Reached XP level 5. HP: 40/46 MP: 4/4
  1621 | D:4      | Found a transporter.
  1628 | D:4      | Found a transporter.
  1664 | D:4      | Noticed a phantom
  1698 | D:4      | Killed a phantom
  1698 | D:4      | Reached skill level 6 in Polearms
  1899 | D:4      | Noticed Edmund
  1905 | D:4      | Noticed an ogre
  1920 | D:3      | HP: 2/46 [Edmund/+2 flail of crushing (10)]
  1920 | D:3      | Slain by Edmund

Vault maps used:
D:1:      lemuel_arrival_behind_the_door_small
D:2:      minitemple, serial_glass, glass_columns_a, glass_columns_c,
          glass_columns_b, glass_columns_b, st_stairs_5, fountainhead,
          minmay_statues_item, serial_bayou_pond_d, uniq_natasha
D:3:      chequers_decorated_corner
D:4:      vehumet_crystals, gammafunk_ghost_arena, hangedman_glass_teeth,
          uniq_edmund

Skill      XL: |  1  2  3  4  5 |
---------------+----------------+-----
Polearms       | 4 5 6 |  6.1
Armour         | 1 2 3 |  3.2
Fighting       | 3 4 |  4.2
Throwing       | |  2.0
Dodging        | |  3.2

Action                   |  1- 3 |  4- 6 || total
-------------------------+-------+-------++-------
Melee: Trident           |    21 |       ||    21
       Headbutt          |    11 |    10 ||    21
       Dagger            |    45 |    48 ||    93
Throw: Stone             |    10 |     2 ||    12
       Throwing net      |     2 |       ||     2
       Tomahawk          |       |     2 ||     2
 Stab: Sleeping          |     1 |       ||     1
  Eat: Chunk             |       |     3 ||     3
Armor: Leather armour    |    10 |     6 ||    16
Dodge: Dodged            |    37 |    26 ||    63

Table legend:
 A = Non-vault XP
 B = Vault XP
 C = Vault XP percentage of total XP
 D = Non-vault monster count
 E = Vault monster count
 F = Vault count percentage of total count
                 A         B        C        D         E       F
            +---------+---------+-------+---------+---------+-------
      Total |     344 |       0 |   0.0 |      50 |       0 |   0.0
            +---------+---------+-------+---------+---------+-------
        D:1 |      57 |       0 |   0.0 |      21 |       0 |   0.0
        D:2 |      33 |       0 |   0.0 |      10 |       0 |   0.0
        D:3 |       1 |       0 |   0.0 |       1 |       0 |   0.0
        D:4 |     253 |       0 |   0.0 |      18 |       0 |   0.0
            +---------+---------+-------+---------+---------+-------
